 Dungeon Crawl Stone Soup version 0.32-a0-295-g33d090a (webtiles) character file.

Game seed: 8927308457367445292

491 Remcycle the Slasher (level 7, -3/52 HPs)
             Began as a Formicid Fighter on Feb 14, 2024.
             Slain by a hornet (12 damage)
             ... on level 4 of the Dungeon.
             The game lasted 00:10:45 (3650 turns).

Remcycle the Slasher (Formicid Fighter)             Turns: 3650, Time: 00:10:46

Health: -3/52      AC:  7    Str: 22    XL:     7   Next: 37%
Magic:  7/7        EV: 14    Int:  8    God:
Gold:   113        SH:  5    Dex: 13    Spells: 6/6 levels left

rFire   . . .        a - +0 long sword
rCold   . . .        c - +0 buckler
rNeg    . . .        b - +1 scale mail
rPois   .            (helmet unavailable)
rElec   .            (no cloak)
rCorr   .            (no gloves)
SInv    +            (no boots)
Will    .....        (no amulet) Stlth
                     g - +5 ring of evasion
HPRegen 0.28/turn    (no ring)
MPRegen 0.10/turn

%: no passive effects
@: lethally poisoned (-3 -> -4)
A: permanent stasis, dig shafts and tunnels, antennae 3, four strong arms
a: Dig, Shaft Self


You were on level 4 of the Dungeon.
You visited 1 branch of the dungeon, and saw 4 of its levels.

You collected 113 gold pieces.

Inventory:

Hand Weapons
 a - a +0 long sword (weapon)
Armour
 b - a +1 scale mail (worn)
 c - a +0 buckler (worn)
Jewellery
 g - a +5 ring of evasion (left hand)
Wands
 n - a wand of flame (12)
 v - a wand of iceblast (6)
 w - a wand of polymorph (9)
Scrolls
 h - a scroll of fear {unknown}
Potions
 d - a potion of might
 e - 4 potions of curing
 f - 2 potions of heal wounds
 l - a potion of lignification {unknown}
 p - 2 potions of ambrosia
 q - a potion of invisibility {unknown}
 r - a potion of enlightenment


   Skills:
 - Level 3.2 Fighting
 + Level 7.5 Long Blades
 - Level 3.2 Armour
 - Level 4.0 Shields


You had 6 spell levels left.
You didn't know any spells.
Your spell library contained the following spells:

 Spells                   Type           Power      Damage    Failure   Level
 Foxfire                  Conj/Fire      0%         2x1d4     80%         1
 Freeze                   Ice            0%         1d3       80%         1
 Frozen Ramparts          Ice            0%         1d1       99%         3
 Hailstorm                Conj/Ice       0%         3d5       99%         3
 Plasma Beam              Fire/Air       0%         2x1d10    100%        6
 Sculpt Simulacrum        Ice/Alch       0%         N/A       100%        6
 Starburst                Conj/Fire      0%         6d3       100%        6
 Ozocubu's Refrigeration  Ice            0%         4d7       100%        7
 Polar Vortex             Ice            0%         N/A       100%        9


Dungeon Overview and Level Annotations

Branches:
Dungeon (4/15)
 Temple: D:4-7

Altars:
Gozag
Nemelex Xobeh
Ru
Vehumet


Innate Abilities, Weirdness & Mutations

You cannot be hasted, slowed, berserked, paralysed or teleported.
You can dig through walls and to a lower floor.
You have a pair of large antennae on your head. (SInv)
Your four strong arms can wield two-handed weapons with a shield.


Message History

You open the door.
There is an open door here.
You open the door.
Found 5 stones.
There is an open door here.
Found a sacrificial altar of Ru.
You sense a monster nearby.
h - a scroll labelled DOWIN CYUTE You open the door.
There is an open door here.
Found 8 stones.
You sense a monster nearby.
You open the door.
You sense a monster nearby.
Found 13 gold pieces.
A hornet comes into view.
The hornet buzzes angrily.
A kobold comes into view.
It is wielding a +1 short sword of flaming.
There is an open door here.
You barely miss the hornet. The hornet stings you!
Your stasis prevents you from being slowed.
The hornet misses you.
You barely miss the hornet. The hornet stings you!
You are poisoned.
Your stasis prevents you from being slowed.
The hornet stings you!
Your stasis prevents you from being slowed.
You are too injured to fight recklessly!
You are too injured to fight recklessly!
You feel very sick. The hornet attacks as it pursues you!
The hornet closely misses you.
There is an open door here.
You feel sick. The hornet barely misses you.
You feel sick.
You feel sick. The hornet stings you.
* * * LOW HITPOINT WARNING * * *
Your stasis prevents you from being slowed.
You feel sick.
You feel sick. The hornet stings you!
You die...

#..####.####.....#
##................
#..+......#.......
#.##......#.......
#.##......#..##### {
#..+......#..#....
#.##......#..#.###
#.##......'..#.#..
#######@........#..#.#.#
(......y##......#..#.#.#
........##......#.......
.......K.+......#..#.#.#
.........#......+..#.#.#
...####'##......#..#.# .
...#.....##+#####..#.###
.. #...............#..
................#####


You could see a hornet and a kobold.

Vanquished Creatures
  Sigmund (D:3)
  A hound (D:4)
  Natasha (thrice) (D:2)
  A gnoll bouda (D:3)
  Ijyb (D:3)
  An ufetubus (D:3)
  5 ribbon worms
  4 dart slugs
  An orc (D:3)
  10 endoplasms
  5 giant cockroaches
  15 goblins
  8 hobgoblins
  4 jackals (D:3)
  4 quokkas
  7 ball pythons
  4 bats
  3 frilled lizards
  7 kobolds
  7 rats
92 creatures vanquished.

Notes
Turn   | Place    | Note
-------+----------+-------------------------------------------
     0 | D:1      | Remcycle the Formicid Fighter began the quest for the Orb.
     0 | D:1      | Reached XP level 1. HP: 18/18 MP: 1/1
   101 | D:1      | Reached XP level 2. HP: 24/24 MP: 2/2
   152 | D:1      | Reached skill level 3 in Long Blades
   237 | D:1      | Reached XP level 3. HP: 29/29 MP: 3/3
   759 | D:1      | Found a faded altar of an unknown god.
  1189 | D:2      | Reached skill level 4 in Long Blades
  1189 | D:2      | Reached XP level 4. HP: 35/35 MP: 4/4
  1280 | D:2      | Noticed Natasha
  1284 | D:2      | Killed Natasha
  1563 | D:2      | Noticed Natasha
  1580 | D:2      | Killed Natasha
  1581 | D:2      | Reached skill level 5 in Long Blades
  1581 | D:2      | Reached XP level 5. HP: 21/41 MP: 5/5
  1817 | D:2      | Noticed Natasha
  1828 | D:2      | Killed Natasha
  2343 | D:3      | Reached XP level 6. HP: 47/47 MP: 6/6
  2449 | D:3      | Found a sparkling altar of Nemelex Xobeh.
  2449 | D:3      | Found a radiant altar of Vehumet.
  2552 | D:3      | Noticed Sigmund
  2558 | D:3      | Killed Sigmund
  2559 | D:3      | Reached skill level 6 in Long Blades
  2709 | D:3      | Reached XP level 7. HP: 52/52 MP: 7/7
  2744 | D:3      | Reached skill level 7 in Long Blades
  2997 | D:3      | Noticed Ijyb
  3018 | D:3      | Killed Ijyb
  3461 | D:4      | Found an opulent altar of Gozag.
  3599 | D:4      | Found a sacrificial altar of Ru.
  3641 | D:4      | Noticed a hornet
  3650 | D:4      | Slain by a hornet

Illustrated notes

Levels and vault maps discovered:
D:1:      roadster_arrival_rocket_large, layout_basic,
          shapermc_ecumenical_altar_petra, serial_bayou_pond_c, nrook_campfire
D:2:      cheibrodos_greedy_goblins, layout_basic, serial_aquarium,
          aquarium_bridge_straight [aquarium_subvault_bridge,
          aquarium_subvault_balcony, aquarium_subvault_bridge,
          aquarium_subvault_balcony], aquarium_window_2, aquarium_window_1,
          aquarium_window_2, aquarium_window_2, aquarium_view_2e,
          aquarium_view_2b, aquarium_balcony_3a, uniq_natasha
D:3:      layout_rooms, gammafunk_temple_overflow_elements,
          minmay_divided_ellipse, uniq_ijyb, uniq_sigmund
D:4:      kennysheep_kobold_camp, layout_gridville,
          nicolae_ru_sacrificial_ziggurat, nicolae_overflow_crystal_walls,
          tso_metal_star, dreamdust_mushroom_princess, minmay_strange_pillars,
          uniq_crazy_yiuf_cottage

Skill      XL: |  1  2  3  4  5  6  7 |
---------------+----------------------+-----
Long Blades    | 3 4 5 6 7 |  7.5
Fighting       | |  3.2
Armour         | |  3.2
Shields        | |  4.0

Action                     |  1- 3 |  4- 6 |  7- 9 || total
---------------------------+-------+-------+-------++-------
  Melee: Long sword        |    74 |   138 |   131 ||   343
  Evoke: Wand              |       |     5 |       ||     5
    Use: Potion            |       |     1 |       ||     1
         Scroll            |       |       |    11 ||    11
 Armour: Scale mail        |    41 |    65 |    86 ||   192
  Dodge: Dodged            |    30 |    94 |   120 ||   244
  Block: Buckler           |    23 |    37 |    43 ||   103

Table legend: (Time is in decaauts)
 A = Elapsed time spent in this place.
 B = Non-inter-level travel time spent in this place.
 C = Inter-level travel time spent in this place.
 D = Time resting spent in this place.
 E = Time spent auto-exploring this place.
 F = Levels seen in this place.
 G = Mean time per level.
                   A        B        C        D        E       F      G
               +--------+--------+--------+--------+--------+-----+--------+
         Total |   3706 |   3516 |    190 |    246 |   2514 |   4 |  926.5 |
       Dungeon |   3706 |   3516 |    190 |    246 |   2514 |   4 |  926.5 |
               +--------+--------+--------+--------+--------+-----+--------+

Top non-repeatable levels by time:
     D:1: 1203 daAuts
     D:2: 1161 daAuts
     D:3: 1086 daAuts
     D:4: 255 daAuts
